 Dungeon Sprint DCSS version 0.28-a0-1374-ga75cb3825e (webtiles) character file.

Game seed: 16284100755096622575

20822 mhtbhm the Draconian Blade (level 12, -17/128 HPs)
             Began as a Black Draconian Berserker on Dec 31, 2021.
             Was the Champion of Trog.
             Demolished by Donald (38 damage)
             ... in the Dungeon (Sprint III: "The Ten Rune Challenge").
             The game lasted 00:09:03 (4350 turns).

mhtbhm the Draconian Blade (DrBe)                   Turns: 4350, Time: 00:09:04

Health: -17/128    AC:  8    Str: 26    XL:     12   Next: 48%
Magic:  12/12      EV: 17    Int:  9    God:    Trog [******]
Gold:   2600       SH:  0    Dex: 10    Spells: 11/11 levels left

rFire   . . .      SeeInvis .   a - +6 great sword (venom)
rCold   . . .      Faith    .   (shield currently unavailable)
rNeg    . . .      Spirit   .   (armour unavailable)
rPois   .          Reflect  .   k - +0 hat
rElec   +          Harm     .   (no cloak)
rCorr   .          Rampage  .   (no gloves)
Will    .....      NoTele   +   (no boots)
Stlth   ++++......              (no amulet)
HPRegen 0.31/turn               (no ring)
MPRegen 0.13/turn               (no ring)

@: lethally poisoned (-17 -> -19), on berserk cooldown, slowed, very slow
A: breathe lightning, AC +8, unfitting armour, electricity resistance,
cold-blooded, antennae 1, strong 1
a: Breathe Lightning, Renounce Religion, Berserk, Trog's Hand, Brothers in Arms


You were in the Dungeon.
You worshipped Trog.
Trog was exalted by your worship.
You visited 1 branch You collected 2642 gold pieces.
You spent 42 gold pieces at shops.

Inventory:

Hand Weapons
 a - a +6 great sword of venom (weapon)
 l - the +5 sword of Power {vorpal}
   (Trog gifted it to you in the Dungeon)

   It inflicts extra damage upon your enemies.
   It occasionally discharges a powerful but inaccurate bolt of energy upon
   striking a foe, with increased chance the greater the wielder's current
   health.
 p - a +2 long sword of holy wrath
Missiles
 b - 5 curare-tipped darts (quivered)
 c - 4 javelins
Armour
 k - a +0 hat (worn)
Scrolls
 g - a scroll of blinking
 h - a scroll of amnesia
 j - 4 scrolls of holy word {unknown}
 q - a scroll of fog {unknown}
Potions
 d - a potion of haste
 e - 2 potions of magic
 f - a potion of berserk rage
 i - 4 potions of mutation
 m - a potion of flight {unknown}
 n - a potion of might
 r - a potion of degeneration {unknown}
 s - a potion of invisibility {unknown}
Miscellaneous
 o - a phantom mirror


   Skills:
 + Level 18.5 Fighting
 + Level 21.5 Long Blades
 + Level 1.1 Throwing
 + Level 14.1 Dodging
 + Level 10.3 Stealth
 + Level 1.2 Evocations


You had 11 spell levels left.
You didn't know any spells.
Your spell library was empty.

Dungeon Overview and Level Annotations

Branches:
Dungeon (1/1)

Altars:
Cheibriados
Dithmenos
Elyvilon
Fedhas
Gozag
Hepliaklqana
Kikubaaqudgha
Makhleb
Nemelex Xobeh
Okawaru
Qazlal
Ru
Sif Muna
Trog
Uskayaw
Vehumet
Wu Jian
Xom
Yredelemnul
Zin
The Shining One
Beogh
Jiyva
Lugonu

Shops:
D (

Annotations:
D Donald, Frances


Innate Abilities, Weirdness & Mutations

You can breathe wild blasts of lightning.
Your glossy black scales are hard. (AC +8)
You cannot fit into any form of body armour.
You are resistant to electric shocks. (rElec)
You are cold-blooded and may be slowed by cold attacks.
You have a pair of small antennae on your head.
Your muscles are strong. (Str +2)


Message History

Donald seems to grow stronger.
Unknown command.
You feel very sick.
Frances mutters in a terrible tongue.
Frances seems to speed up.
Donald hits you with a +2 war axe of holy wrath!!
Donald hits something with a +2 war axe of holy wrath!
Unknown command.
A red film seems to cover your vision as you go berserk!
You feel yourself moving faster!
You feel mighty!
You feel very sick.
Donald hits you with a +2 war axe of holy wrath!
Donald hits something with a +2 war axe of holy wrath!
Donald hits you with a +2 war axe of holy wrath!
Donald barely misses something.
Frances whispers indecipherable words.
Donald hits you with a +2 war axe of holy wrath!!
* * * LOW HITPOINT WARNING * * *
Donald hits something with a +2 war axe of holy wrath!
Unknown command.
Unknown command.
Donald blocks your attack.
You feel sick.
Donald hits you with a +2 war axe of holy wrath!!
* * * LOW HITPOINT WARNING * * *
Unknown command.
You feel sick.
Donald hits your cyclops with a +2 war axe of holy wrath!!!
Your cyclops dies!
Your cyclops's corpse disappears in a puff of smoke!
There is an open door to the Lair of Beasts here.
Unknown command.
You feel a strong urge to attack something.
You feel sick.
You feel sick.
You feel your anger nearly subside.
You are no longer berserk.
You are exhausted.
You feel as though you will be slow longer.
You feel sick.
Donald hits you with a +2 war axe of holy wrath!!!
You die...

.....#)###.#.#.##))...# ####'#)#
##############
_#...#)##########################
_#...#.)≈≈§'.#.'..)')#.#.#)'...≈≈
_#...#)#§§≈#.#.#.).##.#.#.##...≈≈
_#...')#§..#.#.#.).#.#.#.#.#...≈≈
_'...#.#§§§#...#)..##.#.#.##...≈≈
▓▓▓▓▓▓▓▓▓▓▓▓▓▓▓▓▓▓▓#.#.#.#.#.....
♣♣≈≈≈........≈≈≈@@@##.#.#.##.....
♣'♣≈≈≈≈≈≈≈≈≈≈≈≈♣♣P.'.#.#.#.#.....
≈♣♣♣♣♣♣♣♣♣♣♣♣♣♣♣♣PP##4#.#.#######
.♣♣ ♣♣♣##'##### #'♣♣♣♣♣ ...
♣.##..## #...# .##†##.# #...#
##.##.##+ ##### .#.##...#


You could see Frances (fast), Donald (fast, strong) and an orange demon
(summoned).

Vanquished Creatures
  Rupert (D)
  Gastronok (D)
  2 dire elephants (D)
  A centaur warrior (D)
  An orc high priest (D)
  4 death yaks (D)
  Urug (D)
  A deep elf knight (D)
  A lindwurm (D)
  2 deep elf pyromancers (D)
  3 deep elf zephyrmancers (D)
  2 elephants (D)
  2 cane toads (D)
  2 black mambas (D)
  2 unseen horrors (D)
  A komodo dragon (D)
  A rime drake (D)
  A queen bee (D)
  2 tyrant leeches (D)
  8 blink frogs (D)
  A shadow (D)
  3 redbacks (D)
  3 wandering mushrooms (D)
  A spatial vortex (D)
  A swamp drake (D)
  A necrophage (D)
  2 centaurs (D)
  An earth elemental (D)
  A water elemental (D)
  30 killer bees (D)
  A jelly (D)
  2 orc priests (D)
  Jessica (D)
  A necromancer (D)
  A wizard (D)
  An orc wizard (D)
  A kobold demonologist (D)
  3 humans (D)
  A phantom (D)
  4 orcs (D)
  2 endoplasms (D)
  A rat (D)
102 creatures vanquished.

Vanquished Creatures (collateral kills)
  Snorg (D)
  An orc high priest (D)
  2 orc warriors (D)
  2 killer bees (D)
  An orc priest (D)
  5 orcs (D)
12 creatures vanquished.

Vanquished Creatures (others)
  An orc wizard (D)
  9 plants (D)
10 creatures vanquished.

Grand Total: 124 creatures vanquished

Notes
Turn   | Place    | Note
-------+----------+-------------------------------------------
     0 | D        | mhtbhm the Draconian Berserker began the quest for the Orb.
     0 | D        | Reached XP level 1. HP: 19/19 MP: 1/1
   236 | D        | Noticed Jessica
   239 | D        | Killed Jessica
   239 | D        | Reached ** piety under Trog
   240 | D        | Reached skill level 5 in Fighting
   240 | D        | Reached skill level 4 in Long Blades
   240 | D        | Reached XP level 2. HP: 29/29 MP: 2/2
   240 | D        | Reached XP level 3. HP: 36/36 MP: 3/3
   322 | D        | Reached skill level 5 in Long Blades
   419 | D        | Gained mutation: You have a pair of small antennae on your
                  | head. [potion of mutation]
   419 | D        | Gained mutation: Your muscles are strong. (Str +2) [potion
                  | of mutation]
   420 | D        | Noticed a water elemental
   426 | D        | Killed a water elemental
   427 | D        | Reached skill level 6 in Long Blades
   427 | D        | Reached skill level 5 in Dodging
   427 | D        | Reached XP level 4. HP: 44/45 MP: 4/4
   522 | D        | Found a radiant altar of Vehumet.
   522 | D        | Found a shimmering blue altar of Sif Muna.
   522 | D        | Found an ancient bone altar of Kikubaaqudgha.
   522 | D        | Noticed a wizard
   527 | D        | Killed a wizard
   527 | D        | Reached *** piety under Trog
   528 | D        | Reached XP level 5. HP: 52/52 MP: 5/5
   535 | D        | Reached skill level 7 in Long Blades
   560 | D        | Found a glowing silver altar of Zin.
   560 | D        | Found a glowing golden altar of the Shining One.
   560 | D        | Found a white marble altar of Elyvilon.
   561 | D        | Noticed a deep elf pyromancer
   566 | D        | Killed a deep elf pyromancer
   566 | D        | Reached **** piety under Trog
   567 | D        | Reached skill level 10 in Fighting
   567 | D        | Reached skill level 10 in Long Blades
   567 | D        | Reached XP level 6. HP: 66/66 MP: 6/6
   567 | D        | Your scales start taking on a glossy black colour.
   567 | D        | Reached XP level 7. HP: 72/72 MP: 7/7
   567 | D        | Gained mutation: You are resistant to electric shocks.
                  | (rElec) [Black Draconian growth]
   623 | D        | Found a basalt altar of Yredelemnul.
   623 | D        | Found a shadowy altar of Dithmenos.
   623 | D        | Found a sacrificial altar of Ru.
   633 | D        | Reached skill level 11 in Long Blades
   701 | D        | Found a hide-covered altar of Uskayaw.
   701 | D        | Found an iron altar of Okawaru.
   701 | D        | Found a bloodstained altar of Trog.
   701 | D        | Found an ornate altar of the Wu Jian Council.
   701 | D        | Noticed a human
   702 | D        | Noticed a human
   708 | D        | Killed a human
   712 | D        | Killed a human
   767 | D        | Noticed a shadow
   771 | D        | Killed a shadow
   771 | D        | Reached ***** piety under Trog
   772 | D        | Reached skill level 12 in Long Blades
   772 | D        | Reached XP level 8. HP: 75/82 MP: 8/8
   888 | D        | Found a blossoming altar of Fedhas.
   888 | D        | Found a stormy altar of Qazlal.
   888 | D        | Found a snail-covered altar of Cheibriados.
   888 | D        | Found a burning altar of Makhleb.
   888 | D        | Found a shimmering altar of Xom.
   889 | D        | Found a hazy altar of Hepliaklqana.
   889 | D        | Found an opulent altar of Gozag.
   889 | D        | Found a sparkling altar of Nemelex Xobeh.
   889 | D        | Found a corrupted altar of Lugonu.
   889 | D        | Found a viscous altar of Jiyva.
   992 | D        | Noticed Snorg
  1000 | D        | Killed Snorg
  1001 | D        | Reached skill level 13 in Long Blades
  1001 | D        | Reached skill level 1 in Stealth
  1107 | D        | Reached skill level 10 in Dodging
  1107 | D        | Reached XP level 9. HP: 43/91 MP: 9/9
  1306 | D        | Noticed a centaur warrior
  1313 | D        | Killed a centaur warrior
  1314 | D        | Reached skill level 14 in Long Blades
  1472 | D        | Killed an unseen horror
  1472 | D        | Received a gift from Trog
  1473 | D        | Reached skill level 15 in Long Blades
  1481 | D        | Killed an unseen horror
  1546 | D        | Noticed a queen bee
  1564 | D        | Received a gift from Trog
  1570 | D        | Killed a queen bee
  1570 | D        | Reached ****** piety under Trog
  1572 | D        | Reached XP level 10. HP: 37/103 MP: 10/10
  1573 | D        | Reached skill level 16 in Long Blades
  1589 | D        | Received a gift from Trog
  1925 | D        | Identified the +8 rapier of Xuecs {vorpal, +Blink} (Trog
                  | gifted it to you in the Dungeon)
  1925 | D        | Received a gift from Trog
  2471 | D        | Noticed an orc high priest
  2471 | D        | Noticed an orc high priest
  2473 | D        | Noticed a sixfirhy
  2480 | D        | Noticed a sixfirhy
  2481 | D        | Received a gift from Trog
  2488 | D        | Killed an orc high priest
  2489 | D        | Reached skill level 17 in Long Blades
  2502 | D        | Noticed a sun demon
  2518 | D        | Noticed a soul eater
  2518 | D        | Killed an orc high priest
  2520 | D        | Reached skill level 15 in Fighting
  2522 | D        | Received a gift from Trog
  2613 | D        | Found Noampypp's Weapon Emporium.
  2650 | D        | Bought 5 curare-tipped darts for 42 gold pieces
  2720 | D        | Noticed a deep elf zephyrmancer
  2720 | D        | Noticed a deep elf zephyrmancer
  2720 | D        | Noticed a deep elf zephyrmancer
  2720 | D        | Noticed a deep elf pyromancer
  2720 | D        | Noticed a deep elf knight
  2731 | D        | Killed a deep elf zephyrmancer
  2734 | D        | Killed a deep elf zephyrmancer
  2734 | D        | Received a gift from Trog
  2736 | D        | Killed a deep elf knight
  2737 | D        | Reached skill level 18 in Long Blades
  2737 | D        | Reached skill level 5 in Stealth
  2737 | D        | Reached XP level 11. HP: 113/113 MP: 11/11
  2737 | D        | Killed a deep elf pyromancer
  2738 | D        | Killed a deep elf zephyrmancer
  2738 | D        | Received a gift from Trog
  2782 | D        | Noticed a deep elf demonologist
  2971 | D        | Reached skill level 19 in Long Blades
  3028 | D        | Reached skill level 1 in Evocations
  3169 | D        | Noticed a lindwurm
  3173 | D        | Killed a lindwurm
  3180 | D        | Received a gift from Trog
  3180 | D        | Found the +5 sword of Power {vorpal}
  3181 | D        | Noticed Urug
  3192 | D        | Killed Urug
  3406 | D        | Reached skill level 20 in Long Blades
  3666 | D        | Noticed Rupert
  3681 | D        | Killed Rupert
  3681 | D        | Received a gift from Trog
  3819 | D        | Noticed a dire elephant
  3819 | D        | Noticed a dire elephant
  3819 | D        | Noticed Gastronok
  3830 | D        | Killed a dire elephant
  3831 | D        | Reached XP level 12. HP: 69/125 MP: 12/12
  3834 | D        | Killed a dire elephant
  3834 | D        | Received a gift from Trog
  3841 | D        | Killed Gastronok
  3842 | D        | Reached skill level 21 in Long Blades
  4106 | D        | Noticed an azure jelly
  4106 | D        | Noticed an azure jelly
  4106 | D        | Noticed an azure jelly
  4107 | D        | Noticed an azure jelly
  4160 | D        | Noticed a death yak
  4161 | D        | Noticed a death yak
  4163 | D        | Noticed a death yak
  4168 | D        | Noticed a death yak
  4170 | D        | Killed a death yak
  4175 | D        | Killed a death yak
  4177 | D        | Killed a death yak
  4181 | D        | Killed a death yak
  4181 | D        | Received a gift from Trog
  4182 | D        | Reached skill level 10 in Stealth
  4194 | D        | Reached skill level 1 in Throwing
  4260 | D        | Noticed a fire dragon
  4260 | D        | Noticed a fire dragon
  4340 | D        | Noticed Donald
  4340 | D        | Noticed Frances
  4350 | D        | Demolished by Donald

Illustrated notes

Levels and vault maps discovered:
D:        dungeon_sprint_mu [sprint_mu_entry_forest, sprint_mu_temple_rooms,
          sprint_mu_d1_horrors, sprint_mu_d2_genie, sprint_mu_d3_branching,
          sprint_mu_orc_legion, sprint_mu_elf_gauntlet, sprint_mu_hive_nellie,
          sprint_mu_lair_fedhas, sprint_mu_vaults_butterflies,
          sprint_mu_slime_circle, sprint_mu_swamp_cave, sprint_mu_snake_twists,
          sprint_mu_blade_basic, sprint_mu_crypt_lich, sprint_mu_tomb_spiral,
          sprint_mu_vestibule_basic, sprint_mu_gehenna_hellfire,
          sprint_mu_dis_giant, sprint_mu_tartarus_statrot,
          sprint_mu_cocytus_islands, sprint_mu_zot1]

Skill      XL: |  1  2  3  4  5  6  7  8  9 10 11 12 |
---------------+-------------------------------------+-----
Dodging        | 4 5 8 9 10 11 12 13 14 | 14.1
Fighting       | 5 6 7 10 11 12 14 15 17 18 | 18.5
Long Blades    | 4 6 10 12 13 15 18 20 21 | 21.5
Stealth        | 1 3 5 8 10 | 10.3
Evocations     | 1 |  1.2
Throwing       | 1 |  1.1

Action                   |  1- 3 |  4- 6 |  7- 9 | 10-12 || total
-------------------------+-------+-------+-------+-------++-------
Melee: Falchion          |    26 |    16 |       |       ||    42
       Tailslap          |     4 |     2 |    12 |    27 ||    45
       Long sword        |       |       |    62 |       ||    62
       Great sword       |       |       |    22 |   222 ||   244
Throw: Dart              |       |       |       |     1 ||     1
Invok: Berserk           |     5 |     2 |     6 |     8 ||    21
       Brothers in Arms  |       |       |       |     4 ||     4
       Trog's Hand       |       |       |       |     1 ||     1
 Abil: Breathe Lightning |       |       |     1 |     4 ||     5
Evoke: Phantom mirror    |       |       |     1 |     1 ||     2
  Use: Potion            |     1 |       |       |     5 ||     6
       Scroll            |       |       |       |     3 ||     3
 Stab: Distracted        |       |       |       |     1 ||     1
       Sleeping          |       |       |       |     6 ||     6
Armor: Skin              |     4 |     1 |    22 |    28 ||    55
Dodge: Dodged            |     9 |     5 |    56 |   132 ||   202

Table legend: (Time is in decaauts)
 A = Elapsed time spent in this place.
 B = Non-inter-level travel time spent in this place.
 C = Inter-level travel time spent in this place.
 D = Time resting spent in this place.
 E = Time spent auto-exploring this place.
 F = Levels seen in this place.
 G = Mean time per level.
                   A        B        C        D        E       F      G
               +--------+--------+--------+--------+--------+-----+--------+
         Total |   4467 |   4467 |      0 |   3325 |      1 |   1 | 4467.0 |
       Dungeon |   4467 |   4467 |      0 |   3325 |      1 |   1 | 4467.0 |
               +--------+--------+--------+--------+--------+-----+--------+

Top non-repeatable levels by time:
       D: 4467 daAuts
